 Dungeon Crawl Stone Soup version 0.29.1-15-g9cfb28693d (webtiles) character file.

Game seed: 11546770684287801391

169696 protoss039 the Warrior (level 17, -3/144 HPs)
             Began as a Demonspawn Earth Elementalist on Mar 7, 2023.
             Was the Champion of Vehumet.
             Hit by a javelin thrown by a merfolk javelineer (20 damage)
             ... led by Ilsuiw
             ... on level 4 of the Shoals.
             The game lasted 01:48:14 (34898 turns).

protoss039 the Warrior (DsEE)                      Turns: 34898, Time: 01:48:15

Health: -3/144     AC: 10    Str:  7    XL:     17   Next: 36%
Magic:  40/43      EV:  6    Int: 35    God:    Vehumet [******]
Gold:   3098       SH:  0    Dex: 15    Spells: 6/42 levels left

rFire   . . .      SeeInvis .   L - +8 war axe (venom)
rCold   + . .      Faith    .   x - +0 buckler {reflect}
rNeg    + . .      Spirit   .   P - +2 robe {Will+}
rPois   .          Reflect  +   r - +0 helmet of the Spheres {rC+ rN+ Str-3}
rElec   .          Harm     .   (cloak unavailable)
rCorr   .          Rampage  .   W - +1 pair of gloves
Will    ++...                   l - +1 pair of boots "Tyniatwe" {Int+6 Dex-5}
Stlth   +++.......              C - amulet of magic regeneration
HPRegen 7.34/turn               u - ring "Oveesicsu" {Fly Dex+6 Stlth+}
MPRegen 0.68/turn               S - ring of magical power

@: mighty, flying, mesmerised, held
A: powered by death 2, powered by pain 1, big brain 3, weakness stinger 3
a: Renounce Religion


You were on level 4 of the Shoals.
You worshipped Vehumet.
Vehumet was exalted by your worship.
You visited 5 branches of the dungeon, and saw 27 of its levels.
You also visited: Ossuary and Gauntlet.

You collected 3771 gold pieces.
You spent 673 gold pieces at shops.

Inventory:

Hand Weapons
 e - a +2 hand axe of flaming
 L - a +8 war axe of venom (weapon)
Missiles
 K - 5 throwing nets
 M - 10 silver javelins
Armour
 l - the +1 pair of boots "Tyniatwe" (worn) {Int+6 Dex-5}
   (You found it in a Gauntlet)

   Int:       It affects your intelligence (+6).
   Dex:       It affects your dexterity (-5).
 m - a +2 robe of resistance
 r - the +0 helmet of the Spheres (worn) {rC+ rN+ Str-3}
   (You found it on level 3 of the Dungeon)

   Str:       It affects your strength (-3).
   rC:        It protects you from cold.
   rN:        It protects you from negative energy.
 x - a +0 buckler of reflection (worn)
 y - a +0 kite shield
 B - a +2 cloak of stealth
 P - a +2 robe of willpower (worn)
 T - +4 acid dragon scales
 W - a +1 pair of gloves (worn)
Magical Staves
 O - a staff of earth
Jewellery
 o - the ring of the Tortoise {AC+8}
   (You found it in a Gauntlet)

   [ring of protection]

   AC:        It affects your AC (+8).
 u - the ring "Oveesicsu" (left hand) {Fly Dex+6 Stlth+}
   (You acquired it on level 4 of the Dungeon)

   [ring of dexterity]

   Dex:       It affects your dexterity (+6).
   Fly:       It grants you flight.
   Stlth:     It makes you more stealthy.
 v - an amulet of regeneration
 C - an amulet of magic regeneration (around neck)
 D - a ring of protection from fire
 N - a ring of protection from cold
 R - a ring of protection from fire
 S - a ring of magical power (right hand)
Wands
 w - a wand of polymorph (12)
 A - a wand of flame (46)
 E - a wand of digging (13)
 F - a wand of charming (1)
 G - a wand of light (13)
Scrolls
 a - 8 scrolls of teleportation
 g - 8 scrolls of immolation
 h - 2 scrolls of magic mapping
 i - 4 scrolls of poison
 j - 4 scrolls of butterflies
 q - 5 scrolls of amnesia
 s - 6 scrolls of blinking
 t - 3 scrolls of identify
 I - 7 scrolls of fear
 J - 5 scrolls of summoning
 V - 3 scrolls of torment
Potions
 b - 2 potions of magic
 c - 4 potions of mutation
 d - 9 potions of curing
 f - 8 potions of haste
 k - 4 potions of cancellation
 n - 6 potions of heal wounds
 p - 6 potions of brilliance
 z - 2 potions of invisibility
 H - 2 potions of lignification
 Q - 3 potions of might
 U - a potion of resistance
Miscellaneous
 X - a tin of tremorstones (2/2)


   Skills:
 + Level 16.2 Fighting
 + Level 8.7 Armour
 - Level 3.0 Dodging
 - Level 3.0 Stealth
 + Level 11.0 Shields
 * Level 13.1 Spellcasting
 + Level 12.1 Conjurations
 - Level 6.0 Transmutations
 - Level 3.0 Air Magic
 + Level 11.9 Earth Magic
 - Level 3.0 Poison Magic


You had 6 spell levels left.
You knew the following spells:

 Your Spells              Type           Power      Damage    Failure   Level
a - Sandblast             Erth           100%       2d20      0%          1
b - Passwall              Tmut/Erth      60%        N/A       1%          2
c - Stone Arrow           Conj/Erth      100%       3d13      1%          3
d - Lee's Rapid Deconstr  Erth           41%        3d21*     1%          5
e - Iskenderun's Mystic   Conj/Tloc      60%        2d13      1%          4
g - Mephitic Cloud        Conj/Pois/Air  60%        N/A       1%          3
h - Irradiate             Conj/Tmut      36%        3d23      1%          5
i - Olgreb's Toxic Radia  Pois           44%        N/A       1%          4
j - Sublimation of Blood  Necr           23%        N/A       1%          2
k - Orb of Destruction    Conj           41%        9d11      1%          7

Your spell library contained the following spells:

 Spells                   Type           Power      Damage    Failure   Level
 Magic Dart               Conj           100%       1d8       0%          1
 Searing Ray              Conj           100%       2d8       0%          2
 Beastly Appendage        Tmut           100%       N/A       1%          1
 Slow                     Hex            92%        N/A       1%          1
 Summon Small Mammal      Summ           92%        N/A       1%          1
 Call Imp                 Summ           23%        N/A       1%          2
 Static Discharge         Conj/Air       66%        3-12/arc  1%          2
 Conjure Flame            Conj/Fire      60%        6-21      1%          3
 Frozen Ramparts          Ice            46%        1d7       1%          3
 Ignite Poison            Fire/Tmut/Pois 44%        N/A       1%          3
 Flame Wave               Conj/Fire      60%        2d14      1%          4
 Fulminant Prism          Conj/Hex       30%        3d16      1%          4
 Petrify                  Tmut/Erth      72%        N/A       1%          4
 Sticky Flame             Conj/Fire      60%        2d8       1%          4
 Blade Hands              Tmut           30%        N/A       1%          5
 Fireball                 Conj/Fire      30%        3d13      1%          5
 Iskenderun's Battlesphe  Conj           82%        2d13      1%          5
 Iron Shot                Conj/Erth      41%        9d8       1%          6
 Portal Projectile        Hex/Tloc       46%        N/A       2%          3
 Tukima's Dance           Hex            23%        N/A       2%          3
 Ice Form                 Ice/Tmut       44%        N/A       2%          4
 Statue Form              Tmut/Erth      48%        N/A       3%          6
 Summon Lightning Spire   Summ/Air       33%        N/A       4%          4
 Alistair's Intoxication  Tmut/Pois      35%        N/A       4%          5
 Anguish                  Hex/Necr       11%        N/A       9%          4
 Summon Ice Beast         Ice/Summ       23%        N/A       9%          4
 Metabolic Englaciation   Hex/Ice        11%        N/A       24%         5
 Spellforged Servitor     Conj/Summ      30%        N/A       16%         7
 Ozocubu's Refrigeration  Ice            11%        4d10      80%         7
 Enfeeble                 Hex            11%        N/A       99%         7
 Necromutation            Tmut/Necr      22%        N/A       100%        8


Dungeon Overview and Level Annotations

Branches:
Dungeon (15/15) Zot: 25306  Temple (1/1) D:7 Zot: 5847    Lair (5/5) D:11 Zot: 23948
 Shoals (4/4) Lair:2 Zot: 18903   Snake (0/4) Lair:3        Slime (0/5) Lair:5
    Orc (2/2) D:12 Zot: 10195     Elf (0/3) Orc:2        Vaults (0/5) D:14
 Depths (0/4) D:15        Ossuary (visited)         Gauntlet (visited)

Altars:
Ashenzari
Cheibriados
Dithmenos
Fedhas
Gozag
Hepliaklqana
Kikubaaqudgha
Makhleb
Nemelex Xobeh
Okawaru
Qazlal
Ru
Sif Muna
Trog
Uskayaw
Vehumet
Wu Jian
Xom
Yredelemnul
Jiyva

Shops:
D:11 *   Orc:1 *   Orc:2 ([*(

Annotations:
D:5 1 exclusion
D:12 8 runed translucent doors, 3 exclusions
Shoals:1 2 exclusions
Shoals:4 Ilsuiw


Innate Abilities, Weirdness & Mutations

You regenerate health from kills.
You sometimes gain a little power by taking damage.
You have an absolutely massive brain. (Int +6, Wiz)
You have a sharp stinger which inflicts weakening toxins.


Message History

The merfolk aquamancer looks even sicker.
The snapping turtle looks even sicker.
Your toxic aura wanes.
The merfolk aquamancer hits you but does no damage.
The wind drake is engulfed in noxious fumes.
The merfolk javelineer throws a javelin.
The javelin pierces through you!!
* * * LOW HITPOINT WARNING * * *
You focus on the pain.
You feel your power returning.
Casting: Olgreb's Toxic Radiance (mildly dangerous; 1% risk of failure)
Confirm with . or Enter, or press ? or * to list all spells.
You erupt in a blast of force!
The mystic blast hits the merfolk!
The merfolk is moderately wounded.
The merfolk is knocked back by the mystic blast.
The mystic blast hits the merfolk siren.
The merfolk siren is heavily wounded.
The merfolk siren is knocked back by the mystic blast.
The mystic blast hits the wind drake.
The wind drake is lightly wounded.
The mystic blast hits the manticore!
You kill the manticore!
Vehumet accepts your kill.
You feel your power returning.
The mystic blast hits the snapping turtle!
The snapping turtle is severely wounded.
The snapping turtle is knocked back by the mystic blast.
The mystic blast hits the merfolk aquamancer!
The merfolk aquamancer is almost dead.
The merfolk aquamancer is knocked back by the mystic blast.
The wind drake flaps its wings at you. The air twists around and strikes you!!
* * * LOW HITPOINT WARNING * * *
The merfolk siren chants a haunting song.
You are mesmerised by the merfolk siren!
The merfolk throws a throwing net.
The throwing net hits you.
You become entangled in the net!
You hear a splash.
The merfolk javelineer throws a javelin.
The javelin pierces through you!!
You die...

.......~w~~~~~~
.k~~~..<~~~≈#≈# ~≈≈≈≈≈≈
~~~~~§.~~)≈#≈≈≈# ~≈≈≈≈≈≈
~~~~§<.~~)#≈≈≈≈≈ ~≈≈≈≈≈≈
.~~~~..E).m≈≈≈≈m ~≈≈m≈≈≈
....S.....#≈≈m≈≈#~~~≈≈≈≈
...~t.....≈#≈°≈#≈~~~~≈≈≈
~~~~~~~~...≈#k#≈.~~~≈≈≈≈
~~~~~~~~~....t.~@~~~≈≈≈≈
~~~~.~~~~~~~≈≈≈≈≈
~~~~~$~~~~~≈≈≈≈≈≈
~~~~~~~~~~~≈≈≈≈≈≈
~~~~~~~~~~≈≈≈≈≈≈≈
≈≈~~~~~~~≈≈≈≈≈≈≈≈
≈≈~~~~~~≈≈≈≈≈≈≈≈≈
≈≈≈≈~~≈≈≈≈≈≈≈≈≈≈≈
≈≈≈≈≈≈≈≈≈≈≈≈≈≈≈


You could see a merfolk javelineer (very poisoned), a merfolk aquamancer (very
poisoned), a snapping turtle (very poisoned), a wind drake (repels missiles,
very poisoned), a merfolk (very poisoned) and a merfolk siren (mesmerising, very
poisoned).

Vanquished Creatures
  Jorgrun (D:15)
  3 krakens
  Kirke (D:15)
  An orc warlord (Orc:2)
  A very ugly thing (D:13)
  A stone giant (D:15)
  A dire elephant (Gauntlet)
  A minotaur (Gauntlet)
  2 fire dragons
  The ghost of Weresquid the Destroyer, a journeyman TeFE of the Shining One (Orc:2)
  2 merfolk javelineers
  6 merfolk impalers
  An ice dragon (Lair:3)
  Josephine (Lair:3)
  10 hydras
  5 vault guards (D:14)
  Harold (D:9)
  A death knight (D:12)
  An ogre mage (D:15)
  7 boulder beetles
  2 alligator snapping turtles
  7 centaur warriors
  4 merfolk aquamancers
  A catoblepas (D:14)
  10 two-headed ogres
  A merfolk avatar (Shoals:1)
  Erica (Lair:2)
  2 satyrs (Shoals:3)
  5 death yaks
  10 tengu warriors
  An orc high priest (Orc:2)
  8 sea snakes
  A sea snake (shapeshifter) (D:13)
  A swamp dragon (Lair:5)
  11 harpies
  A deep elf archer (D:13)
  An obsidian statue (Gauntlet)
  A deep elf zephyrmancer (D:10)
  A wizard (D:13)
  3 orc knights
  An orc sorcerer (Orc:2)
  5 deep elf pyromancers
  22 ugly things
  16 fauns
  11 manticores
  11 cyclopes
  An ice statue (Lair:3)
  Maurice (D:13)
  19 elephants
  4 black mambas
  13 merfolk sirens
  2 gargoyles (D:12)
  4 water nymphs
  6 cane toads
  A cane toad (shapeshifter) (D:13)
  2 unseen horrors (D:12)
  A kobold demonologist (D:13)
  Psyche (D:11)
  An efreet (D:13)
  5 rime drakes
  4 tengu conjurers
  10 komodo dragons
  26 merfolk
  10 trolls
  5 polar bears (Lair:3)
  6 wind drakes
  3 meliai (Gauntlet)
  A wind drake (shapeshifter) (D:13)
  23 blink frogs
  2 hornets
  11 slime creatures
  8 snapping turtles
  Sigmund (D:4)
  2 shadows (D:12)
  10 water elementals
  49 yaks
  12 wraiths
  7 vampires
  A wyvern (Lair:5)
  7 humans (D:14)
  Eustachio (D:6)
  9 basilisks
  7 steam dragons
  2 hogs (D:15)
  11 vampire mosquitoes
  6 wargs
  A naga (Lair:3)
  5 acid dragons
  13 water moccasins
  36 orc warriors
  4 black bears
  4 sky beasts
  A swamp drake (Lair:5)
  8 ogres
  7 ice beasts
  16 wolves
  4 centaurs
  A kobold brigand (D:11)
  A phantom (D:5)
  4 bullfrogs
  2 necrophages
  3 scorpions
  7 wights
  26 killer bees
  9 howler monkeys
  2 electric eels (Lair:2)
  3 quasits (D:5)
  2 hounds
  29 orc priests
  3 jellies
  Jessica (D:2)
  Ijyb (D:3)
  Natasha (D:1)
  8 iguanas
  32 orc wizards
  The ghost of Sapher the Digger, a weakling MeEE (D:5)
  A mummy (Ossuary)
  10 gnolls
  8 adders
  2 white imps (Lair:3)
  A worm (D:2)
  2 dart slugs
  109 orcs
  3 bats
  7 endoplasms
  6 giant cockroaches
  15 goblins
  3 hobgoblins
  7 jackals
  13 kobolds
  A quokka (D:5)
  6 ball pythons
  2 frilled lizards
  5 gnoll skeletons (Ossuary)
  5 kobold skeletons (Ossuary)
  15 orc skeletons (Ossuary)
  4 rats
  3 tentacles
944 creatures vanquished.

Vanquished Creatures (collateral kills)
  2 slime creatures (D:13)
  3 orc warriors (D:13)
  An ogre (D:13)
  An orc priest (D:13)
  4 orcs (D:13)
11 creatures vanquished.

Vanquished Creatures (others)
  A human (D:15)
  2 yaks (Lair:5)
  A butterfly (D:8)
  42 fungi
  120 plants
  13 tentacles
179 creatures vanquished.

Grand Total: 1134 creatures vanquished

Notes
Turn   | Place    | Note
-------+----------+-------------------------------------------
     0 | D:1      | protoss039 the Demonspawn Earth Elementalist began the
                  | quest for the Orb.
     0 | D:1      | Reached XP level 1. HP: 13/13 MP: 3/3
    33 | D:1      | Found a faded altar of an unknown god.
   253 | D:1      | Gained mutation: You have an unusually large brain. (Int
                  | +2) [demonic ancestry]
   253 | D:1      | Reached XP level 2. HP: 10/20 MP: 1/5
   843 | D:1      | Reached skill level 1 in Fighting
   906 | D:1      | Learned a level 2 spell: Passwall
   922 | D:2      | Noticed Jessica
   927 | D:2      | Noticed Natasha
   941 | D:2      | Noticed a crimson imp
   942 | D:2      | Gained mutation: You have an extremely huge brain. (Int +4)
                  | [demonic ancestry]
   942 | D:2      | Reached XP level 3. HP: 12/26 MP: 0/6
  1138 | D:1      | Killed Natasha
  1182 | D:2      | Killed Jessica
  1183 | D:2      | Reached skill level 2 in Fighting
  1183 | D:2      | Reached XP level 4. HP: 29/33 MP: 4/8
  1956 | D:2      | Learned a level 3 spell: Stone Arrow
  2021 | D:3      | Identified the +0 helmet of the Spheres {rC+ rN+ Str-3}
  2177 | D:3      | Reached XP level 5. HP: 30/39 MP: 2/9
  2334 | D:3      | Found a stormy altar of Qazlal.
  2579 | D:3      | Noticed Ijyb
  2597 | D:3      | Killed Ijyb
  2749 | D:3      | Found a faded altar of an unknown god.
  2777 | D:3      | Found a hazy altar of Hepliaklqana.
  2999 | D:4      | Noticed an ogre
  3005 | D:4      | Killed an ogre
  3006 | D:4      | Reached skill level 3 in Fighting
  3006 | D:4      | Gained mutation: You regenerate a little health from kills.
                  | [demonic ancestry]
  3006 | D:4      | Reached XP level 6. HP: 47/47 MP: 4/11
  3076 | D:4      | Reached skill level 1 in Conjurations
  3085 | D:4      | HP: 2/47 [kobold/+0 club (2)]
  3092 | D:4      | Reached skill level 1 in Shields
  3309 | D:4      | Found a broken altar of Ashenzari.
  3622 | D:4      | Noticed Sigmund
  3635 | D:4      | Killed Sigmund
  3636 | D:4      | Gained mutation: You sometimes gain a little power by
                  | taking damage. [demonic ancestry]
  3636 | D:4      | Reached XP level 7. HP: 6/52 MP: 3/13
  4115 | D:4      | Found a shimmering blue altar of Sif Muna.
  4310 | D:4      | Got Sif Muna's Teachings on Rallying
  4312 | D:4      | Got Sif Muna's Parchment of Interference
  4332 | D:4      | Identified 2 scrolls of acquirement
  4333 | D:4      | Acquired the ring "Oveesicsu" {Fly Dex+6 Stlth+}
  4336 | D:4      | Acquired 850 gold pieces
  4339 | D:5      | Entered Level 5 of the Dungeon
  4472 | D:5      | Reached skill level 4 in Fighting
  4606 | D:5      | Gained mutation: You have an absolutely massive brain. (Int
                  | +6, Wiz) [demonic ancestry]
  4606 | D:5      | Reached XP level 8. HP: 60/61 MP: 14/14
  4607 | D:5      | Found a runed translucent door.
  4608 | D:5      | Noticed Sapher's ghost (weakling MeEE)
  4715 | D:5      | Found a sand-covered staircase.
  4726 | Ossuary  | Entered an ossuary
  5013 | D:5      | Learned a level 3 spell: Mephitic Cloud
  5171 | D:5      | Reached skill level 5 in Earth Magic
  5250 | D:5      | Reached skill level 5 in Fighting
  5263 | D:5      | Killed Sapher's ghost
  5372 | D:5      | Reached skill level 1 in Poison Magic
  5427 | D:6      | Noticed Eustachio
  5433 | D:6      | Killed Eustachio
  5434 | D:6      | Reached skill level 1 in Armour
  5434 | D:6      | Reached skill level 1 in Air Magic
  5620 | D:6      | Reached XP level 9. HP: 66/68 MP: 14/16
  5645 | D:6      | Reached skill level 5 in Spellcasting
  6027 | D:7      | Reached skill level 6 in Fighting
  6285 | D:7      | Found a staircase to the Ecumenical Temple.
  6292 | Temple   | Entered the Ecumenical Temple
  6416 | Temple   | Became a worshipper of Vehumet
  6705 | D:7      | Found a blossoming altar of Fedhas.
  7501 | D:8      | You are sucked into a shaft and drop 1 floor!
  7503 | D:9      | Noticed Harold
  7732 | D:8      | Reached XP level 10. HP: 77/77 MP: 18/18
  7743 | D:8      | Reached skill level 7 in Fighting
  8051 | D:9      | Reached * piety under Vehumet
  8051 | D:9      | Offered knowledge of Shock by Vehumet.
  8616 | D:9      | Killed Harold
  8617 | D:9      | Reached skill level 5 in Conjurations
  8620 | D:9      | Reached skill level 8 in Fighting
  8884 | D:9      | Reached skill level 5 in Shields
  9029 | D:9      | Reached ** piety under Vehumet
  9030 | D:9      | Offered knowledge of Freeze by Vehumet.
  9053 | D:9      | Learned a level 5 spell: Lee's Rapid Deconstruction
  9058 | D:9      | Learned a level 4 spell: Iskenderun's Mystic Blast
  9183 | D:9      | Found a sacrificial altar of Ru.
  9535 | D:10     | Entered Level 10 of the Dungeon
 10183 | D:10     | Gained mutation: You regenerate health from kills. [demonic
                  | ancestry]
 10183 | D:10     | Reached XP level 11. HP: 87/87 MP: 11/20
 10383 | D:10     | Reached skill level 9 in Fighting
 10387 | D:10     | Offered knowledge of Static Discharge by Vehumet.
 10391 | D:10     | Learned a level 2 spell: Static Discharge
 10607 | D:10     | Noticed a two-headed ogre
 10620 | D:10     | Killed a two-headed ogre
 10620 | D:10     | Noticed an orc knight
 10633 | D:10     | Killed an orc knight
 10641 | D:10     | Noticed a deep elf zephyrmancer
 10697 | D:10     | Noticed a purple ugly thing
 10705 | D:10     | Killed a purple ugly thing
 10808 | D:10     | Killed a deep elf zephyrmancer
 10865 | D:10     | Got the Incunabulum of Arcane Weapons and the Volcanoes
 10927 | D:10     | Reached *** piety under Vehumet
 11383 | D:10     | Reached skill level 1 in Transmutations
 11603 | D:11     | Reached skill level 10 in Fighting
 11671 | D:11     | Noticed Psyche
 11676 | D:11     | Killed Psyche
 11691 | D:11     | Found Omakhlaap's CLEARANCE SALE!.
 11699 | D:11     | Bought a scroll of enchant weapon for 30 gold pieces
 11706 | D:11     | Noticed a seven-headed hydra
 11719 | D:11     | Killed a seven-headed hydra
 11889 | D:11     | Noticed a two-headed ogre
 11898 | D:11     | Killed a two-headed ogre
 11899 | D:11     | Reached XP level 12. HP: 98/98 MP: 1/23
 12008 | D:11     | Noticed a seven-headed hydra
 12015 | D:11     | Killed a seven-headed hydra
 12016 | D:11     | Found a staircase to the Lair.
 12017 | D:11     | Offered knowledge of Frozen Ramparts by Vehumet.
 12125 | D:11     | Noticed a two-headed ogre
 12129 | D:11     | Killed a two-headed ogre
 12161 | D:11     | Reached **** piety under Vehumet
 12278 | D:11     | Offered knowledge of Sticky Flame by Vehumet.
 12285 | D:11     | Learned a level 5 spell: Irradiate
 12565 | D:12     | Noticed a boulder beetle
 12579 | D:12     | Killed a boulder beetle
 12773 | D:12     | Noticed a two-headed ogre
 12779 | D:12     | Killed a two-headed ogre
 12854 | D:12     | Reached skill level 11 in Fighting
 12962 | D:12     | Noticed a boulder beetle
 12969 | D:12     | Killed a boulder beetle
 13040 | D:12     | Noticed a two-headed ogre
 13048 | D:12     | Killed a two-headed ogre
 13138 | D:12     | Found a large runed translucent door.
 13139 | D:12     | Noticed a deep troll earth mage
 13141 | D:12     | Found a large runed translucent door.
 13141 | D:12     | Noticed a yaktaur captain
 13141 | D:12     | Noticed a storm dragon
 13142 | D:12     | Found a large runed translucent door.
 13143 | D:12     | Found a large runed translucent door.
 13143 | D:12     | Noticed a deep troll earth mage
 13145 | D:12     | Noticed an ettin
 13383 | D:12     | Found a staircase to the Orcish Mines.
 13462 | D:12     | Noticed a two-headed ogre
 13468 | D:12     | Killed a two-headed ogre
 13469 | D:12     | Reached skill level 5 in Armour
 13537 | D:12     | Found a large runed translucent door.
 13540 | D:12     | Found a large runed translucent door.
 13542 | D:12     | Noticed a quicksilver dragon
 13542 | D:12     | Noticed a tengu reaver
 13543 | D:12     | Noticed a yaktaur captain
 13544 | D:12     | Noticed an azure jelly
 13544 | D:12     | a quicksilver dragon changed into an azure jelly
 13550 | D:12     | Noticed a dire elephant
 13550 | D:12     | an azure jelly changed into a dire elephant
 13554 | D:12     | Noticed a frost giant
 13554 | D:12     | a dire elephant changed into a frost giant
 14034 | D:12     | Reached ***** piety under Vehumet
 14034 | D:12     | Offered knowledge of Spellforged Servitor by Vehumet.
 14052 | D:12     | Found a large runed translucent door.
 14053 | D:12     | Found a large runed translucent door.
 14055 | D:12     | Noticed a six-headed hydra
 14057 | D:12     | Noticed a broodmother
 14057 | D:12     | a six-headed hydra changed into a broodmother
 14060 | D:12     | Noticed a quicksilver ooze
 14060 | D:12     | a broodmother changed into a quicksilver ooze
 14123 | D:12     | Reached XP level 13. HP: 101/107 MP: 17/25
 15057 | Lair:1   | Entered Level 1 of the Lair of Beasts
 15494 | Lair:1   | Reached skill level 12 in Fighting
 15510 | Lair:1   | Identified the +2 robe "Fofet" {Dex+4}
 16477 | Lair:2   | Found a staircase to the Shoals.
 16903 | Lair:2   | Noticed Erica
 16912 | Lair:2   | Killed Erica
 17641 | Lair:3   | Noticed Josephine
 17647 | Lair:3   | Killed Josephine
 17678 | Lair:3   | Found a staircase to the Snake Pit.
 18005 | Lair:3   | Reached skill level 13 in Fighting
 18250 | Lair:3   | Gained mutation: You have a small tail. [demonic ancestry]
 18250 | Lair:3   | Reached XP level 14. HP: 98/118 MP: 8/27
 18708 | Lair:4   | Found a gate leading to a gauntlet.
 18725 | Gauntlet | Entered a Gauntlet
 18725 | Gauntlet | Found a transporter.
 18889 | Gauntlet | Found a transporter.
 18893 | Gauntlet | Found a transporter.
 18899 | Gauntlet | Found a runed translucent gate.
 18901 | Gauntlet | Found a runed translucent gate.
 18901 | Gauntlet | Found a transporter.
 18903 | Gauntlet | Found a runed translucent gate.
 18905 | Gauntlet | Found a transporter.
 18909 | Gauntlet | Found a runed translucent door.
 18910 | Gauntlet | Found a runed translucent door.
 18913 | Gauntlet | Found a transporter.
 18917 | Gauntlet | Found a transporter.
 18925 | Gauntlet | Found a transporter.
 18929 | Gauntlet | Found a transporter.
 18937 | Gauntlet | Found the ring of the Tortoise {AC+8}
 18938 | Gauntlet | Found a transporter.
 18969 | Gauntlet | Found a transporter.
 18981 | Gauntlet | Found a transporter.
 18994 | Gauntlet | Found a transporter.
 19007 | Gauntlet | Found a transporter.
 19430 | Gauntlet | Offered knowledge of Olgreb's Toxic Radiance by Vehumet.
 19451 | Gauntlet | Learned a level 4 spell: Olgreb's Toxic Radiance
 19512 | Gauntlet | Identified the +1 pair of boots "Tyniatwe" {Int+6 Dex-5}
 20215 | Lair:5   | Entered Level 5 of the Lair of Beasts
 20423 | Lair:5   | Reached skill level 10 in Earth Magic
 20437 | Lair:5   | Reached skill level 14 in Fighting
 20586 | Lair:5   | Found a viscous altar of Jiyva.
 20586 | Lair:5   | Found a staircase to the Slime Pits.
 20655 | Lair:5   | Reached skill level 10 in Conjurations
 21207 | Lair:5   | Reached skill level 10 in Spellcasting
 21589 | Lair:5   | Reached ****** piety under Vehumet
 21939 | Orc:1    | Entered Level 1 of the Orcish Mines
 22146 | Orc:2    | Entered Level 2 of the Orcish Mines
 22146 | Orc:2    | Found a staircase to the Elven Halls.
 22146 | Orc:2    | Found a runed translucent door.
 22235 | Orc:1    | Found Jofat's General Store.
 22278 | Orc:1    | Bought a scroll of fear for 56 gold pieces
 22278 | Orc:1    | Bought a scroll of teleportation for 42 gold pieces
 22278 | Orc:1    | Bought a scroll of identify for 28 gold pieces
 22278 | Orc:1    | Bought a potion of haste for 140 gold pieces
 22499 | Orc:1    | You are sucked into a shaft and drop 1 floor!
 22761 | Orc:2    | Noticed Weresquid's ghost (journeyman TeFE)
 22811 | Orc:2    | Offered knowledge of Yara's Violent Unravelling by Vehumet.
 23195 | Orc:2    | Found Poriuci's Weapon Shop.
 23205 | Orc:2    | Reached XP level 15. HP: 127/127 MP: 24/29
 23381 | Orc:2    | Found Xital Jasoe's Assorted Antiques.
 23386 | Orc:2    | Bought a potion of heal wounds for 130 gold pieces
 23386 | Orc:2    | Bought a spiked helmet for 247 gold pieces
 23386 | Orc:2    | Identified the +0 helmet "Xer Zin" {+Blink rF- rCorr
                  | Slay-2} (You bought it in a shop on level 2 of the Orcish
                  | Mines)
 23420 | Orc:2    | Noticed an orc warlord
 23434 | Orc:2    | Killed an orc warlord
 23462 | Orc:2    | Found Vuorelai's Antique Weapon Shop.
 23474 | Orc:2    | Found Egolluhu's Antique Armour Boutique.
 23562 | Orc:2    | Killed Weresquid's ghost
 24184 | D:13     | Noticed Maurice
 24249 | D:12     | Learned a level 2 spell: Sublimation of Blood
 24564 | D:12     | Reached skill level 5 in Transmutations
 25026 | D:13     | Killed Maurice
 25135 | D:12     | Offered knowledge of Lightning Bolt by Vehumet.
 25406 | D:13     | Reached skill level 15 in Fighting
 26664 | D:13     | Got Jiut Diu's Quarto of the Welkin and Stones
 26689 | D:13     | Got the Codex of the Figure
 27055 | D:14     | Reached skill level 10 in Shields
 27526 | D:14     | Gained mutation: You have a tail ending in a sharp stinger.
                  | [demonic ancestry]
 27526 | D:14     | Reached XP level 16. HP: 136/136 MP: 23/31
 27724 | D:14     | Found a stormy altar of Qazlal.
 27954 | D:14     | Offered knowledge of Starburst by Vehumet.
 28011 | D:14     | Found a gate to the Vaults.
 28042 | D:14     | Learned a level 7 spell: Orb of Destruction
 28044 | D:15     | Entered Level 15 of the Dungeon
 28153 | D:15     | Found a staircase to the Depths.
 28220 | D:15     | Noticed Kirke
 28239 | D:15     | Killed Kirke
 28435 | D:15     | Noticed Jorgrun
 28883 | D:15     | Killed Jorgrun
 28886 | D:15     | Identified the +0 robe of the Fifty Heavens {Str+4 Dex+2
                  | Slay+3}
 29830 | Shoals:1 | Entered Level 1 of the Shoals
 30857 | Shoals:1 | Noticed a kraken
 31756 | Shoals:1 | Killed a kraken
 32010 | Shoals:1 | Offered knowledge of Ozocubu's Refrigeration by Vehumet.
 32138 | Shoals:1 | Learned a level 7 spell: Ozocubu's Refrigeration
 32147 | Shoals:1 | Learned a level 7 spell: Orb of Destruction
 32421 | Shoals:2 | Reached skill level 16 in Fighting
 32860 | Shoals:2 | Gained mutation: You have a sharp stinger which inflicts
                  | weakening toxins. [demonic ancestry]
 32860 | Shoals:2 | Reached XP level 17. HP: 144/144 MP: 23/33
 33983 | Shoals:3 | Noticed a kraken
 33989 | Shoals:3 | Killed a kraken
 34695 | Shoals:4 | Entered Level 4 of the Shoals
 34880 | Shoals:4 | Noticed Ilsuiw
 34880 | Shoals:4 | Noticed a kraken
 34889 | Shoals:4 | Killed a kraken
 34898 | Shoals:4 | Hit by a javelin thrown by a merfolk javelineer

Illustrated notes

Levels and vault maps discovered:
D:1:      scummos_arrival_gate, layout_rooms, ebering_ecumenical_altar_ruins
D:2:      layout_loops_cross, minmay_heptomino_w4, uniq_natasha, uniq_jessica
D:3:      kennysheep_goblin_castle, layout_basic, mainiacjoe_overflow_catwalk,
          beargit_hepliaklqana_dungeon_heroes
D:4:      layout_basic, mainiacjoe_overflow_tiny_flanked,
          nicolae_sif_muna_little_library, evilmike_ruin_ashenzari, uniq_sigmund
D:5:      cheibrodos_quashed, layout_basic, gammafunk_ghost_grave,
          nicolae_ossuary_entry_plus, grunt_decor_arrowhead
D:6:      layout_loops_cross, uniq_eustachio
D:7:      layout_loops_corners, mainiacjoe_overflow_paths,
          minmay_temple_entry_junction
D:8:      layout_loops_ring, nicolae_elyvilon_peaceful_grove
D:9:      layout_layer_cave, nicolae_ru_awakened_eye, kennysheep_generic_room_7,
          uniq_harold
D:10:     nzn_winding_woodlands_small [nzn_winding_woodlands_5x15_split_checker,
          nzn_winding_woodlands_center_triple_pond,
          nzn_winding_woodlands_5x15_pockets], layout_gridville, serial_rivers,
          chequers_serial_rivers_room_a, chequers_serial_rivers_small_a,
          chequers_serial_rivers_micro_e, chequers_serial_rivers_micro_d,
          chequers_serial_rivers_micro_b, chequers_serial_rivers_micro_b,
          eino_jars
D:11:     layout_gridville, erik_lair_orcish_takeover, nicolae_shop_clearance,
          uniq_psyche
D:12:     minmay_five_octagons, layout_irregular_city, grunt_decor_clamped,
          kennysheep_generic_room_14
D:13:     minmay_the_grid_square_5x5_4x4 [minmay_the_grid_square_5x5_two,
          minmay_the_grid_square_5x5_misaligned,
          minmay_the_grid_square_5x5_tetrominoes,
          minmay_the_grid_square_5x5_six,
          minmay_the_grid_square_5x5_checkered_sparse,
          minmay_the_grid_square_5x5_prize_pseudospiral,
          minmay_the_grid_square_5x5_prize_snowflake,
          minmay_the_grid_square_5x5_two_walls_b,
          minmay_the_grid_square_5x5_eight,
          minmay_the_grid_square_5x5_prize_rear_guard,
          minmay_the_grid_square_5x5_prize_itemx,
          minmay_the_grid_square_5x5_dogpile,
          minmay_the_grid_square_5x5_pentomino_r,
          minmay_the_grid_square_5x5_bracketed,
          minmay_the_grid_square_5x5_detours,
          minmay_the_grid_square_5x5_corner], layout_cave_pools, special_room
          [special_room_orc], uniq_maurice
D:14:     layout_small_grid, ximxim_vaults_locker_room,
          nicolae_qazlal_eye_of_the_storm, patterned_corridor
D:15:     grunt_enter_depths_giant_problem, layout_layer_cave,
          chequers_serial_rivers_small_3, uniq_jorgrun, uniq_kirke
Temple:   jpeg_temple_clearing
Lair:1:   layout_gridlike, st_stairs_13
Lair:2:   layout_small_grid, elwin_shoals_entry_rooms,
          chequers_serial_rivers_micro_c, uniq_erica
Lair:3:   layout_regular_city, guppyfry_snake_entry_island, ice2_lemuel,
          uniq_josephine
Lair:4:   layout_cave_shapes, gauntlet_entry_generic
Lair:5:   guppyfry_lair_end_dragon, layout_regular_city,
          nicolae_slime_entry_slimehenge, chequers_serial_rivers_micro_a,
          columned_hall_lemuel, grunt_megastairs_3
Shoals:1: layout_shoals, nicolae_shoals_kraken_intersection
Shoals:2: layout_shoals
Shoals:3: layout_shoals
Shoals:4: shoals_end_grunt_ice, layout_shoals, shoal_ilsuiw
Orc:1:    layout_caves, serial_shops, shop, nicolae_orc_bridge_out
Orc:2:    grunt_orc_community_town_hall, layout_caves,
          grunt_orc_community_big_house_1, grunt_orc_community_big_house_2,
          grunt_orc_community_house_2, grunt_orc_community_house_3,
          grunt_orc_community_house_2, grunt_orc_community_house_2,
          grunt_orc_community_house_2, basic_altar, gammafunk_ghost_grave

Skill      XL: |  1  2  3  4  5  6  7  8  9 10 11 12 13 14 15 16 17 |
---------------+----------------------------------------------------+-----
Earth Magic    | 3 4 5 6 7 8 9 10 11 | 11.9
Fighting       | 1 2 3 4 5 6 8 10 11 13 14 15 16 | 16.2
Spellcasting   | 3 4 5 6 7 8 9 10 11 12 13 | 13.1
Conjurations   | 1 2 3 4 5 7 8 9 10 11 12 | 12.1
Shields        | 1 2 3 4 5 6 7 8 9 10 11 | 11.0
Dodging        | 2 3 |  3.0
Stealth        | 2 3 |  3.0
Poison Magic   | 1 3 |  3.0
Armour         | 1 2 3 5 6 7 8 |  8.7
Air Magic      | 1 2 3 |  3.0
Transmutations | 2 3 6 |  6.0

Action                   |  1- 3 |  4- 6 |  7- 9 | 10-12 | 13-15 | 16-18 || total
-------------------------+-------+-------+-------+-------+-------+-------++-------
Melee: Dagger            |    13 |       |       |       |       |       ||    13
       Spear             |    29 |    41 |       |       |       |       ||    70
       Unarmed           |       |    14 |       |       |       |       ||    14
       Club              |       |     5 |    18 |     7 |    58 |       ||    88
       Punch             |       |     1 |       |       |       |       ||     1
       Tailslap          |       |       |       |       |     9 |     5 ||    14
       War axe           |       |       |       |       |    27 |    18 ||    45
 Cast: Sandblast         |    28 |    83 |   133 |   109 |   119 |    38 ||   510
       Passwall          |       |     2 |     4 |     8 |       |     2 ||    16
       Stone Arrow       |       |       |    85 |   258 |   618 |   132 ||  1093
       Mephitic Cloud    |       |       |       |    27 |    86 |    35 ||   148
       Iskenderun's Myst |       |       |       |     7 |    22 |    49 ||    78
       Static Discharge  |       |       |       |       |    50 |     1 ||    51
       Olgreb's Toxic Ra |       |       |       |       |    51 |    11 ||    62
       Lee's Rapid Decon |       |       |       |       |    19 |     1 ||    20
       Irradiate         |       |       |       |       |     2 |       ||     2
       Orb of Destructio |       |       |       |       |       |   137 ||   137
       Sublimation of Bl |       |       |       |       |       |     2 ||     2
Evoke: Wand              |       |       |     2 |     2 |    12 |       ||    16
       Tin of tremorston |       |       |       |       |     2 |       ||     2
  Use: Potion            |       |     3 |       |     4 |     4 |     2 ||    13
       Scroll            |       |     4 |    11 |     4 |    25 |     7 ||    51
 Stab: Sleeping          |       |     2 |       |       |     1 |     1 ||     4
       Confused          |       |     2 |       |     1 |     7 |     2 ||    12
Armor: Robe              |    28 |    25 |    90 |    34 |    53 |    38 ||   268
       Skin              |       |     1 |       |       |       |       ||     1
       Acid dragon scale |       |       |       |       |   139 |       ||   139
Dodge: Dodged            |    45 |    67 |   147 |   100 |   193 |    82 ||   634
Block: Kite shield       |       |    16 |   107 |   140 |   250 |       ||   513
       Buckler           |       |       |       |       |    15 |    48 ||    63
       Reflection        |       |       |       |       |     1 |    14 ||    15
